 Dungeon Crawl Stone Soup version 0.19-a0-1189-g9dc3488 (webtiles) character file.

182 GordonOverkill the Cleaver (level 5, -2/45 HPs)
             Began as a Hill Orc Monk on Aug 19, 2016.
             Was a Believer of Makhleb.
             Killed by nerve-wracking pain
             ... invoked by an orc priest
              (7 damage)
             ... on level 3 of the Dungeon.
             The game lasted 00:08:23 (3485 turns).

GordonOverkill the Cleaver (Hill Orc Monk)          Turns: 3485, Time: 00:08:23

Health: -2/45      AC: 12    Str: 15    XL:     5   Next: 61%
Magic:  5/5        EV:  4    Int: 13    God:    Makhleb [**....]
Gold:   106        SH:  0    Dex: 13    Spells: 0 memorised, 4 levels left

rFire  . . .     SeeInvis .     a - +0 hand axe
rCold  . . .     Gourm    .     r - +0 plate armour
rNeg   + . .     Faith    .     (no shield)
rPois  .         Spirit   .     (no helmet)
rElec  .         Dismiss  .     (no cloak)
rCorr  .         Reflect  .     t - +1 pair of gloves
MR     .....     Harm     .     (no boots)
Stlth  ..........               (no amulet)
                                f - +3 ring of intelligence
                                q - ring of positive energy

@: no status effects
A: no striking features
a: Minor Destruction, Renounce Religion, Convert to Beogh


You were on level 3 of the Dungeon.
You worshipped Makhleb.
Makhleb was pleased with you.
You were not hungry.

You visited 1 branch of the dungeon, and saw 4 of its levels.

You collected 106 gold pieces.

Inventory:

Hand Weapons
 a - a +0 hand axe (weapon)
Armour
 r - a +0 plate armour (worn)
 t - a +1 pair of gloves (worn)
Jewellery
 f - a +3 ring of intelligence (right hand)
 q - a ring of positive energy (left hand)
 y - an uncursed ring of magical power {unknown}
Scrolls
 b - a scroll of remove curse {unknown}
 e - 2 scrolls of identify {unknown}
 h - 7 scrolls of fog {unknown}
 i - a scroll of enchant weapon {unknown}
 j - a scroll of teleportation {unknown}
 l - a scroll of enchant armour {unknown}
 n - 2 scrolls of blinking {unknown}
 s - a scroll of recharging {unknown}
 x - a scroll of noise {unknown}
Potions
 g - a potion of brilliance {unknown}
 k - a potion of mutation {unknown}
 m - a potion of agility {unknown}
 o - a potion of cure mutation {unknown}
 p - a potion of degeneration {unknown}
 v - a potion of curing {unknown}
Comestibles
 c - 5 bread rations
 d - 3 meat rations
 u - 2 fruits


   Skills:
 - Level 3.6 Fighting
 + Level 8.1 Axes
 - Level 2.4 Dodging
 - Level 1.5 Stealth


You had 4 spell levels left.
You didn't know any spells.

Dungeon Overview and Level Annotations

Branches:
Dungeon (4/15)
 Temple: D:4-7

Altars:
Makhleb
Zin


Message History

The orc priest threatens, "By the altar or by the axe, you will meet Beogh!"
You hit the orc priest but do no damage.
The orc priest is severely wounded.
The orc priest shouts, "Beogh is our master!
Accept the truth or die!"
The orc priest mumbles some strange prayers to Beogh against you.
Beogh smites you!
* * * LOW HITPOINT WARNING * * *
You hit the orc priest but do no damage.
The orc priest is severely wounded.
The orc priest hits you but does no damage.
You barely miss the orc priest.
The orc priest is severely wounded.
You hit the orc priest.
The orc priest is severely wounded.
The orc priest hits you but does no damage.
You hit the orc priest but do no damage.
The orc priest is severely wounded.
The orc priest calls down the wrath of Beogh upon you.
Pain shoots through your body!
You die...

#.# #.#.......... #.#
#............ #.# ###.####.#.##
#.# ########.####....# #.#
##......[.......#.. #.#
#............##...# #.#
#.)######.##.####.# ##.## #..#
#.##.####.# ##...##
###.@######o##.#.....
#.....#####...>o...............
###........)..#..#########.####.#
#.......#######..###............#
#.####### #..##...####.####.#
.÷##.# #............# #.# .....##
##.##...###### #.# ...._∩#
#.###.## #.# .....## #.....# #..


You could see an orc priest.

Vanquished Creatures
  A hound (D:3)
  2 orc priests (D:3)
  An orc wizard (D:2)
  An adder (D:2)
  An ooze (D:3)
  A worm (D:2)
  2 giant geckos
  8 orcs
  3 giant cockroaches
  7 goblins
  6 hobgoblins
  A quokka (D:3)
  A bat (D:2)
  2 giant newts (D:2)
  3 kobolds
  7 rats
47 creatures vanquished.

Notes
Turn   | Place    | Note
-------+----------+-------------------------------------------
     0 | D:1      | GordonOverkill the Hill Orc Monk began the quest for the Orb.
     0 | D:1      | Reached XP level 1. HP: 19/19 MP: 1/1
   415 | D:1      | Reached XP level 2. HP: 26/26 MP: 2/2
   661 | D:1      | Reached skill level 5 in Axes
   742 | D:2      | Found a glowing silver altar of Zin.
  1213 | D:2      | Reached XP level 3. HP: 27/31 MP: 3/3
  1943 | D:3      | Reached skill level 6 in Axes
  2263 | D:3      | Reached XP level 4. HP: 36/39 MP: 4/4
  2640 | D:3      | Reached skill level 7 in Axes
  2640 | D:3      | Reached XP level 5. HP: 45/45 MP: 5/5
  3198 | D:3      | Reached skill level 8 in Axes
  3262 | D:3      | Found a burning altar of Makhleb.
  3280 | D:3      | Became a worshipper of Makhleb the Destroyer
  3280 | D:3      | Reached * piety under Makhleb
  3280 | D:3      | Reached ** piety under Makhleb
  3339 | D:4      | Noticed an ogre
  3485 | D:3      | Killed from afar by an orc priest

Vault maps used:
D:1:      sevenhm_arrival_forest_fort_small_4
D:2:      kennysheep_six_static_rooms, lemuel_round_altar
D:3:      makhleb_heckhound_becter
D:4:      kennysheep_goblin_castle

Skill      XL: |  1  2  3  4  5 |
---------------+----------------+-----
Axes           | 5 6 7 8 |  8.1
Fighting       | |  3.6
Dodging        | |  2.4
Stealth        | |  1.5

Action                   |  1- 3 |  4- 6 || total
-------------------------+-------+-------++-------
Melee: Hand axe          |   122 |   105 ||   227
 Stab: Sleeping          |     2 |       ||     2
  Eat: Chunk             |     4 |     4 ||     8
Armor: Leather armour    |    18 |       ||    18
       Plate armour      |    16 |    49 ||    65
Dodge: Dodged            |    57 |    15 ||    72
